 Dungeon Crawl Stone Soup version 0.28-a0-691-gad6df49e81 (webtiles) character file.

Game seed: 6495101102401727247

5726 freelancePsychic the Martial Artist (level 10, -1/83 HPs)
             Began as a Demonspawn Monk on Oct 21, 2021.
             Was a Priest of Nemelex Xobeh.
             Killed from afar by an electric eel (10 damage)
             ... with a bolt of electricity
             ... on level 7 of the Dungeon.
             The game lasted 00:27:13 (12044 turns).

freelancePsychic the Martial Artist (DsMo)         Turns: 12044, Time: 00:27:14

Health: -1/83      AC: 21    Str: 12 (14) XL:     10   Next: 48%
Magic:  14/14      EV: 16    Int: 16 (17) God:    Nemelex Xobeh [***...]
Gold:   1141       SH:  0    Dex: 16      Spells: 9/9 levels left

rFire   . . .      SeeInvis .     - Unarmed
rCold   . . .      Faith    +   (no shield)
rNeg    . . .      Spirit   .   n - +5 ring mail of Mirth {-Tele Int+5}
rPois   .          Reflect  .   B - +2 helmet
rElec   .          Harm     .   (no cloak)
rCorr   .          Rampage  .   (no gloves)
Will    .....      NoTele   +   s - +0 pair of boots
Stlth   +.........              h - amulet of faith
HPRegen 0.23/turn               y - +4 ring of protection
MPRegen 0.14/turn               (no ring)

@: agile
A: claws 2, icy blue scales 2, powered by pain 2
a: Renounce Religion, Draw Escape, Draw Destruction, Draw Summoning, Triple Draw


You were on level 7 of the Dungeon.
You worshipped Nemelex Xobeh.
Nemelex Xobeh was most pleased with you.
You visited 2 branches of the dungeon, and saw 9 of its levels.

You collected 1786 gold pieces.
You spent 645 gold pieces at shops.

Inventory:

Hand Weapons
 a - a +3 dagger of electrocution
 c - a +2 dagger of venom
Armour
 f - a +0 chain mail
 l - the +2 plate armour "Jiblac" {rC+ Int+2}
   (You bought it in a shop on level 2 of the Dungeon)

   Int:       It affects your intelligence (+2).
   rC:        It protects you from cold.
 n - the +5 ring mail of Mirth (worn) {-Tele Int+5}
   (You found it on level 6 of the Dungeon)

   Int:       It affects your intelligence (+5).
   -Tele:     It prevents most forms of teleportation.
 s - a +0 pair of boots (worn)
 B - a +2 helmet (worn)
Jewellery
 h - an amulet of faith (around neck)
 u - an amulet of the acrobat
 y - a +4 ring of protection (left claw)
Wands
 r - a wand of polymorph (20)
Scrolls
 d - a scroll of identify {@r1}
 j - a scroll of enchant armour
 k - 2 scrolls of holy word
 m - a scroll of silence
 x - 3 scrolls of amnesia
 C - 2 scrolls of immolation
 D - a scroll of summoning {unknown}
Potions
 b - a potion of degeneration
 w - a potion of flight
 A - a potion of attraction


   Skills:
 + Level 9.2 Fighting
 - Level 3.5 Short Blades
 + Level 2.8 Armour
 - Level 2.6 Dodging
 - Level 1.7 Stealth
 + Level 10.7 Unarmed Combat
 - Level 5.4 Invocations


You had 9 spell levels left.
You didn't know any spells.
Your spell library was empty.

Dungeon Overview and Level Annotations

Branches:
Dungeon (8/15)             Temple (1/1) D:4
   Lair: D:8-11

Altars:
Cheibriados
Dithmenos
Elyvilon
Fedhas
Gozag
Kikubaaqudgha
Makhleb
Nemelex Xobeh
Qazlal
Ru
Trog
Uskayaw
Vehumet
Xom
Zin

Shops:
D:2 [   D:5 *   D:7 (


Innate Abilities, Weirdness & Mutations

You have very sharp fingernails.
You are mostly covered in icy blue scales. (AC +3)
You sometimes gain power by taking damage.


Message History

The electric eel is almost dead.
The electric eel shoots out a bolt of lightning at you!
The bolt of electricity hits you but does no damage.
You miss the electric eel.
The electric eel is almost dead.
Your unstable footing causes you to fumble your attack.
As you read the scroll labelled PANIAXK XEIPHANG, it crumbles to dust.
You cannot blink because you are wearing the +5 ring mail of Mirth {-Tele Int+5}.
It was a scroll of blinking.
The electric eel shoots out a bolt of lightning at you!
The bolt of electricity misses you.
The electric eel shoots out a bolt of lightning at you!
The bolt of electricity misses you.
The electric eel shoots out a bolt of lightning at you!
The bolt of electricity hits the electric eel.
The electric eel completely resists.
The bolt of electricity hits you!
* * * LOW HITPOINT WARNING * * *
You focus on the pain.
You feel agile all of a sudden.
The electric eel shoots out a bolt of lightning at you!
The bolt of electricity hits you.
* * * LOW HITPOINT WARNING * * *
The electric eel shoots out a bolt of lightning at you!
The bolt of electricity hits the electric eel.
The electric eel completely resists.
The bolt of electricity misses you.
The electric eel shoots out a bolt of lightning at you!
The bolt of electricity hits you.
* * * LOW HITPOINT WARNING * * *
The electric eel shoots out a bolt of lightning at you!
The bolt of electricity misses you.
The electric eel shoots out a bolt of lightning at you!
The bolt of electricity hits the electric eel.
The electric eel completely resists.
The bolt of electricity hits you but does no damage.
A killer bee comes into view.
The killer bee buzzes angrily.
You hear an angry buzzing noise.
The electric eel shoots out a bolt of lightning at you!
The bolt of electricity hits you!
You die...
Your body glows with a rainbow of weird colours and disappears.

#......... ##.........
#..#....... ##..#.......
#...#....... ##......#.###
#..###..#.## ##..#
#..#..########## #...#
#.....@......#.# ##...#
#.#............# ##.)#.#
##.........#'# #..##O#
##≈.#.###.#∩# ##.###.#
##♣S♣#..##.### #...##.#
#≈≈S≈♣#....#
##.#....>##..♣≈9S≈....##
#........... ♣≈≈≈≈♣#..#
#......O.....≈≈≈≈≈♣.......#


You could see a gargoyle and 2 electric eels.

Vanquished Creatures
  2 two-headed ogres (D:6)
  A cyclops (D:7)
  A troll (D:6)
  Prince Ribbit (D:6)
  A wyvern (D:5)
  3 steam dragons
  A basilisk (D:7)
  An acid dragon (D:8)
  Purgy (D:4)
  An orc warrior (D:8)
  2 sky beasts (D:6)
  3 black bears
  4 ogres
  3 centaurs
  A bullfrog (D:6)
  3 scorpions
  3 killer bees (D:7)
  3 wights (D:6)
  3 howler monkeys
  2 electric eels (D:7)
  4 crimson imps (D:3)
  2 centaur zombies (D:7)
  A jelly (D:5)
  A bullfrog zombie (D:5)
  A hound (D:4)
  2 centaur skeletons
  A bullfrog skeleton (D:4)
  A gnoll shaman (D:4)
  2 orc priests (D:7)
  4 iguanas
  3 orc wizards
  A howler monkey zombie (D:6)
  A howler monkey skeleton (D:4)
  7 adders
  10 gnolls
  A shadow imp (D:6)
  A white imp (D:7)
  2 ufetubi (D:4)
  2 worms
  2 dart slugs
  21 orcs
  7 ball pythons
  3 bats
  7 endoplasms
  A giant cockroach (D:2)
  5 goblins
  7 hobgoblins
  4 jackals
  7 quokkas
  9 frilled lizards
  9 kobolds
  11 rats
180 creatures vanquished.

Vanquished Creatures (collateral kills)
  2 black bears (D:6)
  A howler monkey (D:7)
  An orc (D:7)
4 creatures vanquished.

Vanquished Creatures (others)
  A bullfrog zombie (D:7)
  A bush (D:6)
  12 plants (D:7)
14 creatures vanquished.

Grand Total: 198 creatures vanquished

Notes
Turn   | Place    | Note
-------+----------+-------------------------------------------
     0 | D:1      | freelancePsychic the Demonspawn Monk began the quest for
                  | the Orb.
     0 | D:1      | Reached XP level 1. HP: 18/18 MP: 1/1
   259 | D:1      | Gained mutation: You have sharp fingernails. [demonic
                  | ancestry]
   259 | D:1      | Reached XP level 2. HP: 20/24 MP: 2/2
   619 | D:1      | Gained mutation: You have very sharp fingernails. [demonic
                  | ancestry]
   619 | D:1      | Reached XP level 3. HP: 28/29 MP: 3/3
  1278 | D:2      | Reached skill level 1 in Unarmed Combat
  1924 | D:2      | Gained mutation: You sometimes gain a little power by
                  | taking damage. [demonic ancestry]
  1924 | D:2      | Reached XP level 4. HP: 37/37 MP: 4/4
  1999 | D:2      | Found Reuvumefez's Antique Armour Shoppe.
  2660 | D:3      | Reached skill level 2 in Unarmed Combat
  2982 | D:3      | Found a shimmering altar of Xom.
  3005 | D:3      | Gained mutation: You are partially covered in icy blue
                  | scales. (AC +2) [demonic ancestry]
  3005 | D:3      | Reached XP level 5. HP: 39/42 MP: 5/5
  3008 | D:3      | Reached skill level 3 in Unarmed Combat
  3301 | D:4      | Gained mutation: You sometimes gain power by taking damage.
                  | [demonic ancestry]
  3301 | D:4      | Reached XP level 6. HP: 40/49 MP: 6/6
  3362 | D:4      | Noticed Purgy
  3558 | D:4      | Reached skill level 4 in Unarmed Combat
  3707 | D:5      | Entered Level 5 of the Dungeon
  3796 | D:5      | Found Meregele's General Store.
  3800 | D:5      | Noticed a wyvern
  3807 | D:5      | Killed a wyvern
  3808 | D:5      | Reached skill level 5 in Fighting
  3808 | D:5      | Reached XP level 7. HP: 56/56 MP: 7/7
  3811 | D:5      | Bought a scroll of teleportation for 36 gold pieces
  3811 | D:5      | Bought a scroll of identify for 24 gold pieces
  3811 | D:5      | Identified a scroll of acquirement
  3812 | D:5      | Acquired 602 gold pieces
  3858 | D:4      | Killed Purgy
  3859 | D:4      | Reached skill level 5 in Unarmed Combat
  3970 | D:2      | Bought a heavily runed plate armour for 504 gold pieces
  3970 | D:2      | Identified the +2 plate armour "Jiblac" {rC+ Int+2} (You
                  | bought it in a shop on level 2 of the Dungeon)
  4353 | D:4      | Found a staircase to the Ecumenical Temple.
  4432 | D:4      | Reached skill level 6 in Unarmed Combat
  4457 | Temple   | Entered the Ecumenical Temple
  4633 | Temple   | Became a worshipper of Nemelex Xobeh the Trickster
  4633 | Temple   | Reached * piety under Nemelex Xobeh
  4633 | Temple   | Received a gift from Nemelex Xobeh
  4633 | Temple   | Reached ** piety under Nemelex Xobeh
  5064 | D:2      | Bought a pair of boots for 81 gold pieces
  5301 | D:5      | Reached skill level 1 in Invocations
  5301 | D:5      | Reached XP level 8. HP: 55/64 MP: 7/9
  5721 | D:5      | Received a gift from Nemelex Xobeh
  5792 | D:5      | Reached skill level 7 in Unarmed Combat
  6374 | D:6      | Found a stormy altar of Qazlal.
  6671 | D:6      | Reached XP level 9. HP: 31/72 MP: 12/12
  6898 | D:6      | Reached skill level 8 in Unarmed Combat
  7160 | D:6      | Identified the +5 ring mail of Mirth {-Tele Int+5}
  7283 | D:6      | Reached skill level 5 in Invocations
  8541 | D:7      | Noticed a two-headed ogre
  8598 | D:7      | Noticed Prince Ribbit
  9104 | D:6      | Reached skill level 1 in Armour
  9236 | D:7      | Noticed a troll
  9615 | D:6      | Acquired 825 gold pieces
  9636 | D:7      | Noticed a cyclops
  9650 | D:8      | Reached skill level 9 in Unarmed Combat
  9808 | D:8      | Reached *** piety under Nemelex Xobeh
 10236 | D:7      | Killed a cyclops
 10237 | D:7      | Gained mutation: You are mostly covered in icy blue scales.
                  | (AC +3) [demonic ancestry]
 10237 | D:7      | Reached XP level 10. HP: 82/82 MP: 14/14
 10346 | D:7      | Noticed a gargoyle
 10394 | D:7      | Noticed a two-headed ogre
 10748 | D:6      | Reached skill level 10 in Unarmed Combat
 11405 | D:6      | Killed Prince Ribbit
 11409 | D:6      | Killed a two-headed ogre
 11669 | D:6      | Killed a two-headed ogre
 11997 | D:7      | Found Fesh's Weapon Emporium.
 12044 | D:7      | Killed from afar by an electric eel

Illustrated notes

Levels and vault maps discovered:
D:1:      matt_arrival_diagonals, layout_loops_cross, serial_forest,
          infiniplex_forest_straight_2, infiniplex_forest_lined_room_,
          infiniplex_forest_clump_long, infiniplex_forest_clump_C,
          infiniplex_forest_lined_corner, infiniplex_forest_straight_1,
          infiniplex_forest_lined_corner
D:2:      layout_loops_ring, serial_shops, shop
D:3:      kb_forest_paths, layout_basic, led_xom_imps
D:4:      layout_rooms, minmay_temple_entry_wispy, uniq_purgy
D:5:      layout_basic, serial_shops, shop, amcnicky_mini_rare_corridor_liquid,
          kennysheep_cross_room, grunt_ministairs_11
D:6:      layout_basic, mainiacjoe_overflow_boulevard
D:7:      minmay_the_grid_triangle_9x9_recursive_2
          [minmay_the_grid_triangle_9x9_prize_schism,
          minmay_the_grid_triangle_9x9_tough_junction,
          minmay_the_grid_triangle_9x9_corrupted_corridor,
          minmay_the_grid_triangle_9x9_swiss_cheese], layout_rooms,
          serial_shops, kennysheep_mini, serial_bayou_ford_a,
          uniq_crazy_yiuf_cottage, uniq_prince_ribbit1
D:8:      layout_basic, chequers_temple_overflow_minitemple, uniq_gastronok,
          uniq_grum, uniq_maggie
Temple:   dshaligram_water_room_temple

Skill      XL: |  1  2  3  4  5  6  7  8  9 10 |
---------------+-------------------------------+-----
Short Blades   | 3 |  3.5
Unarmed Combat | 1 2 3 4 6 7 9 10 | 10.7
Fighting       | 4 5 6 7 8 9 |  9.2
Invocations    | 1 4 5 |  5.4
Armour         | 2 |  2.8
Dodging        | |  2.6
Stealth        | |  1.7

Action                   |  1- 3 |  4- 6 |  7- 9 | 10-12 || total
-------------------------+-------+-------+-------+-------++-------
Melee: Dagger            |    96 |   135 |    64 |       ||   295
       Short sword       |     1 |       |       |       ||     1
       Unarmed           |       |       |   288 |    80 ||   368
       Punch             |       |       |     8 |     4 ||    12
Throw: Javelin           |       |       |     9 |     2 ||    11
Invok: Draw Destruction  |       |       |     7 |       ||     7
       Draw Summoning    |       |       |     2 |       ||     2
       Draw Escape       |       |       |     4 |       ||     4
Evoke: Wand              |       |       |     5 |     1 ||     6
  Use: Scroll            |     1 |     6 |     9 |     1 ||    17
       Potion            |       |       |     6 |     7 ||    13
 Stab: Sleeping          |    12 |     6 |       |       ||    18
       Distracted        |     2 |     1 |       |       ||     3
       Paralysed         |       |       |     8 |       ||     8
       Invisible         |       |       |       |     2 ||     2
Armor: Robe              |    10 |    17 |       |       ||    27
       Plate armour      |       |       |   154 |       ||   154
       Ring mail         |       |       |    92 |    33 ||   125
       Chain mail        |       |       |    55 |       ||    55
       Skin              |       |       |       |    12 ||    12
Dodge: Dodged            |    40 |    68 |   138 |    41 ||   287

Table legend: (Time is in decaauts)
 A = Elapsed time spent in this place.
 B = Non-inter-level travel time spent in this place.
 C = Inter-level travel time spent in this place.
 D = Time resting spent in this place.
 E = Time spent auto-exploring this place.
 F = Levels seen in this place.
 G = Mean time per level.
                   A        B        C        D        E       F      G
               +--------+--------+--------+--------+--------+-----+--------+
         Total |  11996 |  10896 |   1100 |   3181 |   5726 |   9 | 1332.9 |
       Dungeon |  11798 |  10747 |   1051 |   3181 |   5602 |   8 | 1474.8 |
        Temple |    198 |    150 |     48 |      0 |    124 |   1 |  198.0 |
               +--------+--------+--------+--------+--------+-----+--------+

Top non-repeatable levels by time:
     D:6: 4083 daAuts
     D:5: 1750 daAuts
     D:3: 1277 daAuts
     D:2: 1224 daAuts
     D:1: 1153 daAuts
     D:4: 914 daAuts
     D:7: 826 daAuts
     D:8: 567 daAuts
  Temple: 198 daAuts
